 Dungeon Crawl Stone Soup version 0.17-a0-2073-gde5cdba (webtiles) character file.

835 radek the Infuser (level 7, 0/36 HPs)
             Began as a Deep Elf Conjurer on Oct 15, 2015.
             Was an Initiate of Vehumet.
             Slain by a ball python (1 damage)
             ... on level 3 of the Dungeon.
             The game lasted 00:38:44 (6073 turns).

radek the Infuser (Deep Elf Conjurer)               Turns: 6073, Time: 00:38:44

Health: 0/36       AC:  2    Str:  6    XL:     7   Next: 66%
Magic:  1/13       EV: 10    Int: 21    God:    Vehumet [......]
Gold:   254        SH:  0    Dex: 15    Spells: 2 memorised, 6 levels left

rFire  . . .     SeeInvis .     e - +2 dagger (venom)
rCold  . . .     Clarity  .     a - +0 robe
rNeg   + . .     SustAt   .     (no shield)
rPois  .         Gourm    .     (no helmet)
rElec  .         Spirit   .     (no cloak)
rCorr  .         Warding  +     (no gloves)
rMut   .         Stasis   .     (no boots)
MR     .....                    j - amulet of warding
Stlth  +++.......               (no ring)
                                q - ring of stealth

@: lethally poisoned (0 -> -8), constricted, not resistant to hostile
enchantments, fairly stealthy
A: no striking features
a: Renounce Religion


You were on level 3 of the Dungeon.
You worshipped Vehumet.
Vehumet was noncommittal.
You were not hungry.

You visited 1 branch of the dungeon, and saw 7 of its levels.

You collected 254 gold pieces.

Inventory:

Hand Weapons
 e - a +2 dagger of venom (weapon)
 p - a cursed -3 mace
 s - a +0 club
 t - a +1 spear of venom
Missiles
 C - 6 javelins (quivered)
Armour
 a - a +0 robe (worn)
Jewellery
 j - an amulet of warding (around neck)
 q - a ring of stealth (left hand)
Wands
 y - a wand of digging (0)
 B - a wand of slowing (31)
Scrolls
 d - a scroll of teleportation
 i - 3 scrolls of identify
 l - 3 scrolls of amnesia
 m - 4 scrolls of remove curse
 n - a scroll of enchant armour
 o - 2 scrolls of fear
 w - a scroll of recharging
 x - a scroll of noise {unknown}
 E - a scroll of random uselessness {unknown}
Potions
 f - a potion of heal wounds {unknown}
 g - 2 potions of agility {unknown}
 h - 3 potions of degeneration {unknown}
 r - a potion of cancellation {unknown}
 u - a potion of brilliance {unknown}
 v - a potion of cure mutation {unknown}
 z - a potion of might {unknown}
 A - 3 potions of curing {unknown}
 D - a potion of beneficial mutation {unknown}
Books
 b - a book of Conjurations

   Spells                             Type                      Level
   a - Magic Dart                     Conjuration                  1
   b - Searing Ray                    Conjuration                  2
   c - Dazzling Spray                 Conjuration/Hexes            3
   d - Fulminant Prism                Conjuration/Hexes            4
   e - Iskenderun's Mystic Blast      Conjuration                  4
   f - Iskenderun's Battlesphere      Conjuration/Charms           5
Comestibles
 c - 2 bread rations
 k - 5 meat rations


   Skills:
 - Level 2.4 Dodging
 - Level 2.4 Stealth
 - Level 3.0 Spellcasting
 - Level 7.2 Conjurations
 * Level 9.7 Charms


You had 6 spell levels left.
You knew the following spells:

 Your Spells              Type           Power        Failure   Level  Hunger
a - Magic Dart            Conj           ####         1%          1    None
b - Iskenderun's Battles  Conj/Chrm      #####...     14%         5    ######.


Dungeon Overview and Level Annotations

Branches:
Dungeon (7/15)             Temple (0/1) D:6

Altars:
Cheibriados
Dithmenos
Fedhas
Makhleb
Nemelex Xobeh
Qazlal
Vehumet
Xom
Zin

Annotations:
D:5 nubinia's ghost, novice OpEE
D:7 plantmann's ghost, novice MiBe


Message History

You climb upwards.
* * * LOW HITPOINT WARNING * * *
You feel sick.
There is a stone staircase leading down here.
Casting: Magic Dart
Confirm with . or Enter, or press ? or * to list all spells.
Aiming: Magic Dart
Press: ? - help, Shift-Dir - straight line, f - scorpion
Aim: a scorpion (severely wounded)
The magic dart hits the scorpion.
The scorpion is severely wounded.
* * * LOW HITPOINT WARNING * * *
You feel sick. The ball python bites you.
* * * LOW HITPOINT WARNING * * *
The ball python grabs you.
* * * LOW HITPOINT WARNING * * *
The ball python constricts you. The scorpion stings you.
* * * LOW HITPOINT WARNING * * *
The ball python closely misses you.
You die...

######## ##......##
#........# #........#
########## ####........#
##.....S@s###...........#
#..................[....#
##.....(..##...........##
######...###.........###
###.# #.......#..##
#.###.......##... ###
###.#.............. ######.##
###.............###..
##.......####.....##.[......#
#..


You could see a scorpion and a ball python.

Vanquished Creatures
  A yak (D:6)
  A sky beast (D:5)
  A wyvern skeleton (D:7)
  A crimson imp (D:6)
  2 orc priests
  Ijyb (D:2)
  A hound (D:4)
  3 orc wizards
  3 worker ants
  Natasha (thrice) (D:3)
  8 adders
  A shadow imp (D:7)
  3 worms
  2 giant geckos (D:1)
  12 orcs
  2 ball pythons
  3 giant cockroaches
  6 goblins
  9 hobgoblins
  2 jackals (D:1)
  10 kobolds
  4 quokkas
  8 bats
  4 giant newts
  12 rats
  2 fungi (D:7)
  A plant (D:7)
106 creatures vanquished.

Vanquished Creatures (others)
  2 fungi (D:7)
2 creatures vanquished.

Grand Total: 108 creatures vanquished

Notes
Turn   | Place    | Note
--------------------------------------------------------------
     0 | D:1      | radek the Deep Elf Conjurer began the quest for the Orb.
     0 | D:1      | Reached XP level 1. HP: 10/10 MP: 6/6
    96 | D:1      | Reached XP level 2. HP: 15/15 MP: 2/8
   113 | D:1      | Reached skill level 5 in Conjurations
   635 | D:1      | Reached XP level 3. HP: 19/19 MP: 6/9
   964 | D:2      | Reached skill level 6 in Conjurations
  1087 | D:2      | Reached XP level 4. HP: 24/24 MP: 6/10
  1570 | D:2      | Found a shadowy altar of Dithmenos.
  1905 | D:3      | Noticed Natasha
  1909 | D:3      | Killed Natasha
  2022 | D:3      | Noticed Natasha
  2252 | D:3      | Noticed Ijyb
  2268 | D:2      | Killed Ijyb
  2268 | D:2      | Reached skill level 7 in Conjurations
  2268 | D:2      | Reached XP level 5. HP: 9/28 MP: 0/11
  2486 | D:2      | Learned a level 5 spell: Iskenderun's Battlesphere
  2795 | D:3      | Reached skill level 1 in Charms
  3497 | D:3      | Killed Natasha
  3498 | D:3      | Found a radiant altar of Vehumet.
  3515 | D:3      | Became a worshipper of Vehumet
  3518 | D:3      | Found a shimmering altar of Xom.
  3524 | D:3      | Found a stormy altar of Qazlal.
  3579 | D:3      | Noticed Natasha
  3581 | D:3      | Killed Natasha
  3869 | D:4      | Found a glowing silver altar of Zin.
  4009 | D:4      | Reached XP level 6. HP: 19/32 MP: 5/12
  4418 | D:4      | You fall through a shaft for 3 floors!
  4418 | D:7      | Noticed plantmann's ghost (novice MiBe)
  4423 | D:7      | Found a blossoming altar of Fedhas.
  4445 | D:7      | Found a burning altar of Makhleb.
  4668 | D:7      | Reached skill level 5 in Charms
  4883 | D:6      | Found a staircase to the Ecumenical Temple.
  5367 | D:6      | Found a sparkling altar of Nemelex Xobeh.
  5383 | D:6      | Noticed a yak
  5383 | D:6      | Noticed a yak
  5393 | D:6      | Killed a yak
  5393 | D:6      | Reached skill level 8 in Charms
  5393 | D:6      | Reached XP level 7. HP: 15/36 MP: 4/13
  5395 | D:6      | Noticed a yak
  5418 | D:5      | Entered Level 5 of the Dungeon
  5643 | D:5      | Reached skill level 9 in Charms
  5834 | D:5      | Noticed nubinia's ghost (novice OpEE)
  6005 | D:5      | Found a snail-covered altar of Cheibriados.
  6073 | D:3      | HP: 1/36 [scorpion (3)]
  6073 | D:3      | Slain by a ball python

Vault maps used:
D:1:      scummos_arrival_forest
D:2:      first_bread, serial_bayou_pond_b, minmay_misc_feat_four_crosses,
          nicolae_dithmenos_shadow_blocks
D:3:      lemuel_upstairs_altar, minitemple, serial_curves, eino_curves_03,
          eino_curves_04, uniq_iyjb, uniq_natasha
D:4:      lemuel_zombie_altar_yredelemnul, lightli_temple_of_fire,
          kennysheep_mini, old_standard_altar, minmay_bad_closet
D:5:      cheibriados_altar_1
D:6:      old_standard_altar, kennysheep_mini_moat, old_standard_altar,
          minmay_temple_entry_glass
D:7:      kiku_gazebo_garden_becter, fedhas_altar_3, lemuel_doored_altar,
          enter_ossuary_5

Action                   |  1- 3 |  4- 6 |  7- 9 || total
-------------------------+-------+-------+-------++-------
Melee: Dagger            |     3 |    43 |       ||    46
 Cast: Magic Dart        |    67 |   180 |    31 ||   278
       Iskenderun's Batt |       |     3 |     2 ||     5
  Use: Scroll            |       |     6 |       ||     6
  Eat: Chunk             |       |     5 |       ||     5
       Bread ration      |       |     2 |     1 ||     3
       Royal jelly       |       |     1 |       ||     1
